 Dungeon Crawl Stone Soup version 0.23-a0-586-gacb4b3f (webtiles) character file.

127 Lanoc the Skirmisher (level 5, -2/42 HPs)
             Began as a Human Abyssal Knight on Dec 18, 2018.
             Was a Believer of Lugonu.
             Slain by Crazy Yiuf
             ... wielding a +2 quarterstaff of chaos
              (10 damage)
             ... on level 2 of the Dungeon.
             The game lasted 00:04:05 (1982 turns).

Lanoc the Skirmisher (Human Abyssal Knight)         Turns: 1982, Time: 00:04:06

Health: -2/42      AC:  4    Str: 13    XL:     5   Next: 33%
Magic:  7/7        EV: 17    Int: 12    God:    Lugonu [**....]
Gold:   26         SH:  0    Dex: 18    Spells: 4/4 levels left

rFire    . . .     SeeInvis .   a - +1 falchion
rCold    . . .     Gourm    .   (no shield)
rNeg     . . .     Faith    .   b - +0 leather armour
rPois    .         Spirit   .   k - +0 helmet
rElec    .         Reflect  .   (no cloak)
rCorr    .         Harm     .   (no gloves)
MR       .....                  (no boots)
Stlth    ++........             (no amulet)
HPRegen  0.14/turn              (no ring)
MPRegen  0.10/turn              (no ring)

@: agile, lethally poisoned (-2 -> -6)
A: no striking features
a: Depart the Abyss, Bend Space, Renounce Religion


You were on level 2 of the Dungeon.
You worshipped Lugonu.
Lugonu was pleased with you.
You were hungry.

You visited 1 branch of the dungeon, and saw 2 of its levels.
You visited the Abyss 1 time.

You collected 26 gold pieces.

Inventory:

Hand Weapons
 a - a +1 falchion (weapon)
Armour
 b - a +0 leather armour (worn)
 k - a +0 helmet (worn)
Scrolls
 e - 4 scrolls of identify {unknown}
 i - a scroll of fog {unknown}
 j - a scroll of fear {unknown}
Comestibles
 c - 5 rations


   Skills:
 + Level 3.6 Fighting
 + Level 2.8 Long Blades
 + Level 2.8 Armour
 + Level 2.2 Dodging
 + Level 3.0 Invocations


You had 4 spell levels left.
You didn't know any spells.
Your spell library was empty.

Dungeon Overview and Level Annotations

Branches:
Dungeon (2/15)

Altars:
Yredelemnul

Annotations:
D:2 Crazy Yiuf


Message History

Crazy Yiuf is lightly wounded.
Crazy Yiuf barely misses you. x2
You hit Crazy Yiuf.
Crazy Yiuf is lightly wounded.
Crazy Yiuf misses you.
You hit Crazy Yiuf but do no damage.
Crazy Yiuf is lightly wounded.
Crazy Yiuf laughs, "Castle tired childish!"
Crazy Yiuf misses you.
You hit Crazy Yiuf.
Crazy Yiuf is moderately wounded.
Crazy Yiuf glowers.
Crazy Yiuf hits you with a +2 quarterstaff of chaos!
* * * LOW HITPOINT WARNING * * *
You are poisoned.
You hit Crazy Yiuf but do no damage.
Crazy Yiuf is moderately wounded.
You feel sick.
Crazy Yiuf hits you with a +2 quarterstaff of chaos!
You die...

#...####.###########
#........#
#.#.####.# #.#.# #.#
#.#.# #.# #####
##.#.# ##.## #)..#
...#.###...# #...#
...#.....#.# #.g.#
#..#####...# #@#
#..# ##.## ♣.♣♣ #..#
#.# ♣♣.♣ ...######.#
♣.♣♣ #.......).##
♣♣.♣ #..[.......#
♣♣.♣♣ #..#######.#
♣♣PP.♣ ...# #.#
♣PPP.♣ ##.# #.#
#....#


You could see Crazy Yiuf.

Vanquished Creatures
  Terence (D:2)
  2 adders (D:2)
  4 gnolls (D:2)
  An ooze (D:1)
  A dart slug (D:1)
  2 leopard geckos (D:2)
  An orc (D:2)
  A ball python (D:1)
  4 bats
  A giant cockroach (D:2)
  5 goblins
  5 hobgoblins
  4 kobolds
  2 frilled lizards
  A rat (D:1)
35 creatures vanquished.

Notes
Turn   | Place    | Note
-------+----------+-------------------------------------------
     0 | Abyss:1  | Lanoc the Human Abyssal Knight began the quest for the Orb.
     0 | Abyss:1  | Reached XP level 1. HP: 18/18 MP: 2/2
    22 | D:1      | Escaped the Abyss
   182 | D:1      | Reached XP level 2. HP: 17/24 MP: 3/3
   794 | D:1      | Reached XP level 3. HP: 25/29 MP: 4/4
   897 | D:2      | Reached ** piety under Lugonu
   954 | D:2      | Found a runed door.
   990 | D:2      | Found a basalt altar of Yredelemnul.
  1305 | D:2      | Reached XP level 4. HP: 20/35 MP: 5/5
  1380 | D:2      | Noticed Terence
  1400 | D:2      | Killed Terence
  1495 | D:2      | Reached XP level 5. HP: 15/41 MP: 7/7
  1496 | D:2      | HP: 2/41 [gnoll/+0 spear (10)]
  1970 | D:2      | Noticed Crazy Yiuf
  1982 | D:2      | Slain by Crazy Yiuf

Vault maps used:
D:1:      shiori_shiawase, grunt_decor_fettered
D:2:      lemuel_doored_altar, uniq_crazy_yiuf_cottage, uniq_terence
Abyss:1:  hangedman_eye_storm

Skill      XL: |  1  2  3  4  5 |
---------------+----------------+-----
Dodging        | 2 |  2.2
Invocations    | 3 |  3.0
Fighting       | |  3.6
Long Blades    | |  2.8
Armour         | |  2.8

Action                   |  1- 3 |  4- 6 || total
-------------------------+-------+-------++-------
Melee: Falchion          |    95 |    60 ||   155
  Use: Potion            |       |     9 ||     9
  Eat: Chunk             |     1 |     2 ||     3
Armor: Leather armour    |    29 |    10 ||    39
Dodge: Dodged            |    70 |    44 ||   114
       Rpst.: Falchion   |    25 |    10 ||    35

Table legend:
 A = Non-vault XP
 B = Vault XP
 C = Vault XP percentage of total XP
 D = Non-vault monster count
 E = Vault monster count
 F = Vault count percentage of total count
                 A         B        C        D         E       F
            +---------+---------+-------+---------+---------+-------
      Total |     144 |      38 |  20.9 |      34 |       1 |   2.9
            +---------+---------+-------+---------+---------+-------
        D:1 |      34 |       0 |   0.0 |      15 |       0 |   0.0
        D:2 |     110 |      38 |  25.7 |      19 |       1 |   5.0
            +---------+---------+-------+---------+---------+-------
